 Seeded DCSS version 0.30.0-19-g36f170ea60 (webtiles) character file.

Game seed: 5 (custom seed)

746 Kazon the Ruffian (level 7, -1/67 HPs)
             Began as a Troll Gladiator on May 31, 2023.
             Was a Follower of Okawaru.
             Slain by a gnoll
             ... wielding a +0 whip
              (6 damage)
             ... on level 5 of the Dungeon.
             The game lasted 00:15:05 (3092 turns).

Kazon the Ruffian (Troll Gladiator)                 Turns: 3092, Time: 00:15:06

Health: -1/67      AC:  6    Str: 23    XL:     7   Next: 48%
Magic:  0/16       EV:  9    Int:  6    God:    Okawaru [*.....]
Gold:   203        SH: 13    Dex: 20    Spells: 6/6 levels left

rFire   + . .        f - +0 hand axe (flame)
rCold   . . .        j - +0 tower shield
rNeg    . . .        a - +0 robe
rPois   +            b - +0 hat
rElec   .            e - +1 cloak "Daufal" {rPois rF+ Dex+3}
rCorr   .            (gloves unavailable)
SInv    .            (boots unavailable)
Will    .....        D - amulet of guardian spirit
Stlth   ++           s - ring of magical power
HPRegen 1.11/turn    z - +6 ring of dexterity
MPRegen 0.15/turn

%: guardian spirit
@: no status effects
A: large, unfitting armour, claws 3, regeneration 1, shaggy fur 1, tough skin 1
a: Renounce Religion, Heroism


You were on level 5 of the Dungeon.
You worshipped Okawaru.
Okawaru was aware of your devotion.
You visited 2 branches of the dungeon, and saw 6 of its levels.

You collected 203 gold pieces.

Inventory:

Hand Weapons
 f - a +0 hand axe of flaming (weapon)
 n - a +0 war axe
Missiles
 c - 3 throwing nets
 d - a large rock
 m - 3 boomerangs (quivered)
 w - 5 poisoned darts
 B - a stone
Armour
 a - a +0 robe (worn)
 b - a +0 hat (worn)
 e - the +1 cloak "Daufal" (worn) {rPois rF+ Dex+3}
   (You acquired it on level 1 of the Dungeon)

   Dex:       It affects your dexterity (+3).
   rF:        It protects you from fire.
   rPois:     It protects you from poison.
 j - a +0 tower shield (worn)
Jewellery
 s - a ring of magical power (left claw)
 z - a +6 ring of dexterity (right claw)
 D - an amulet of guardian spirit (around neck)
Wands
 g - a wand of paralysis (8)
Scrolls
 k - a scroll of torment {unknown}
 o - 2 scrolls of identify {unknown}
 p - a scroll of summoning {unknown}
 q - 2 scrolls of magic mapping {unknown}
 r - a scroll of blinking {unknown}
 x - a scroll of teleportation {unknown}
 y - a scroll of amnesia {unknown}
Potions
 h - a potion of magic {unknown}
 i - a potion of resistance {unknown}
 l - 3 potions of curing {unknown}
 t - a potion of flight {unknown}
 u - a potion of berserk rage {unknown}
 v - 2 potions of invisibility {unknown}
 A - 2 potions of heal wounds {unknown}
 C - a potion of lignification {unknown}
 E - a potion of attraction {unknown}


   Skills:
 + Level 3.3 Fighting
 + Level 3.4 Axes
 + Level 2.0 Throwing
 + Level 3.7 Dodging
 + Level 0.6 Stealth
 + Level 1.7 Shields
 + Level 3.8 Unarmed Combat
 * Level 2.0 Invocations
 * Level 0.8 Evocations


You had 6 spell levels left.
You didn't know any spells.
Your spell library contained the following spells:

 Spells                   Type           Power      Damage    Failure   Level
 Frozen Ramparts          Ice            0%         1d1       100%        3
 Ice Form                 Ice/Tmut       0%         N/A       100%        4
 Summon Ice Beast         Ice/Summ       Unusable   N/A       N/A         4

Dungeon Overview and Level Annotations

Branches:
Dungeon (5/15)             Temple (1/1) D:4

Altars:
Dithmenos
Fedhas
Gozag
Hepliaklqana
Okawaru
Qazlal
Trog
Uskayaw
Wu Jian
The Shining One


Innate Abilities, Weirdness & Mutations

You are too large for most types of armour.
You have claws for hands.
Your natural rate of healing is unusually fast.
You are covered in fur. (AC +1)
You have tough skin. (AC +1)


Message History

The ogre is moderately wounded.
You hit the gnoll. You burn the gnoll.
The gnoll hits you from afar with a +0 spear.
The gnoll hits you but does no damage. You block the ogre's attack.
You hit the ogre. You burn the ogre.
The ogre is moderately wounded.
You hit the gnoll. You burn the gnoll. You block the gnoll's attack.
The gnoll barely misses you.
The ogre hits you with a +0 giant spiked club!!
The gnoll hits you from afar with a +0 spear.
The gnoll hits you with a +0 flail.
You barely miss the ogre.
The ogre is moderately wounded.
You slash the gnoll! You burn the gnoll.
You kill the gnoll!
Okawaru accepts your kill.
The ogre hits you with a +0 giant spiked club!!
* * * LOW HITPOINT WARNING * * *
You block the gnoll's attack.
You hit the ogre. You burn the ogre.
The ogre is heavily wounded.
You hit the gnoll. You burn the gnoll. The gnoll hits you but does no damage.
The gnoll hits you with a +0 whip.
* * * LOW HITPOINT WARNING * * *
The ogre barely misses you. You block the gnoll's attack.
The gnoll hits you from afar with a +0 spear.
You slash the ogre! You burn the ogre.
The ogre is almost dead.
You hit the gnoll. You burn the gnoll.
The ogre hits you with a +0 giant spiked club!!
* * * LOW HITPOINT WARNING * * *
You block the gnoll's attack. x2
Unknown command.
You slash the ogre! You burn the ogre.
You kill the ogre!
Okawaru accepts your kill.
You hit the gnoll but do no damage. The gnoll misses you.
The gnoll closely misses you. You block the gnoll's attack.
The gnoll hits you with a +0 whip.
You die...

#........ #......O
#....... #......
#.....# #.....# #...g.#
#...g)######
##+##@.....# #......#
.....+ #......# .....#
#......# .....#
#......# .....#...#
#......# .....+...#
#......# .....#...#
#......#
.....#)..#######......#


You could see 2 gnolls.

Vanquished Creatures
  Sigmund (D:4)
  2 black bears (D:4)
  An ogre (D:5)
  A scorpion (D:4)
  2 hounds (D:5)
  A jelly (D:5)
  3 iguanas
  2 gnolls (D:5)
  7 adders
  An ufetubus (D:4)
  3 worms
  6 orcs
  4 bats
  9 endoplasms
  A giant cockroach (D:1)
  12 goblins
  7 hobgoblins
  11 jackals
  2 kobolds
  3 quokkas (D:4)
  6 ball pythons
  3 frilled lizards
  4 rats
92 creatures vanquished.

Notes
Turn   | Place    | Note
-------+----------+-------------------------------------------
     0 | D:1      | Kazon the Troll Gladiator began the quest for the Orb.
     0 | D:1      | Reached XP level 1. HP: 19/19 MP: 0/0
    37 | D:1      | Identified a scroll of acquirement
    37 | D:1      | Acquired the +1 cloak "Daufal" {rPois rF+ Dex+3}
    70 | D:1      | Reached XP level 2. HP: 28/28 MP: 1/1
   438 | D:1      | Reached XP level 3. HP: 35/35 MP: 2/2
  1122 | D:2      | Reached XP level 4. HP: 41/42 MP: 3/3
  1126 | D:2      | Reached skill level 1 in Axes
  1690 | D:3      | Found a blossoming altar of Fedhas.
  1812 | D:3      | Found a stormy altar of Qazlal.
  1935 | D:3      | Found a faded altar of an unknown god.
  2051 | D:3      | Identified the +2 sling "Qeuhanocyt" {speed, rElec Str-3
                  | Dex+2}
  2093 | D:4      | Found a staircase to the Ecumenical Temple.
  2101 | Temple   | Entered the Ecumenical Temple
  2114 | Temple   | Became a worshipper of Warmaster Okawaru
  2184 | D:4      | Reached XP level 5. HP: 34/50 MP: 4/4
  2604 | D:4      | Noticed Sigmund
  2610 | D:4      | Killed Sigmund
  2611 | D:4      | Reached skill level 1 in Shields
  2611 | D:4      | Reached skill level 1 in Invocations
  2611 | D:4      | Reached XP level 6. HP: 53/59 MP: 6/6
  2670 | D:4      | Found a hazy altar of Hepliaklqana.
  2682 | D:4      | Found a shadowy altar of Dithmenos.
  2683 | D:4      | Noticed a shadow
  2871 | D:4      | Reached * piety under Okawaru
  2872 | D:4      | Reached XP level 7. HP: 57/66 MP: 7/7
  2921 | D:5      | Entered Level 5 of the Dungeon
  3092 | D:5      | Slain by a gnoll

Illustrated notes

Levels and vault maps discovered:
D:1:      ebering_trefoil_3fold, layout_basic, st_stairs_14, serial_bayou_ford_a
D:2:      layout_basic, hangedman_decor_growths, minmay_close_crescents
D:3:      layout_rooms, mainiacjoe_overflow_concentric_impassable,
          mainiacjoe_overflow_paths, shapermc_ecumenical_altar_acropolis,
          chequers_serial_rivers_micro_b
D:4:      layout_basic, riverfiend_overflow_shadow_ancestor,
          minmay_temple_entry_glass, uniq_sigmund
D:5:      layout_gridville
Temple:   nicolae_temple_elliptical

Skill      XL: |  1  2  3  4  5  6  7 |
---------------+----------------------+-----
Throwing       | 2 |  2.0
Axes           | 1 2 3 |  3.4
Fighting       | 2 3 |  3.3
Dodging        | 3 |  3.7
Shields        | 1 |  1.7
Invocations    | 1 2 |  2.0
Stealth        | |  0.6
Unarmed Combat | |  3.8
Evocations     | |  0.8

Action                     |  1- 3 |  4- 6 |  7- 9 || total
---------------------------+-------+-------+-------++-------
  Melee: Unarmed           |    62 |       |       ||    62
         Punch             |     1 |       |       ||     1
         Hand axe          |    83 |    89 |    49 ||   221
         War axe           |       |    69 |       ||    69
  Throw: Stone             |       |    13 |     8 ||    21
         Boomerang         |       |       |     8 ||     8
    Use: Scroll            |     1 |     2 |       ||     3
   Stab: Sleeping          |     2 |     2 |       ||     4
 Armour: Robe              |    64 |    58 |    17 ||   139
  Dodge: Dodged            |    52 |    50 |    18 ||   120
  Block: Tower shield      |    51 |   108 |    42 ||   201
